 Dungeon Crawl Stone Soup version 0.27.1-33-g824d729ab1 (webtiles) character file.

Game seed: 13781159469245051710

86 lordive the Skirmisher (level 4, -3/70 (75) HPs)
             Began as an Ogre Berserker on Dec 26, 2021.
             Was a Believer of Trog.
             Slain by a necrophage (6 damage)
             ... on level 3 of the Dungeon.
             The game lasted 00:03:50 (3156 turns).

lordive the Skirmisher (Ogre Berserker)             Turns: 3156, Time: 00:03:51

HP:   -3/70 (75)    AC:  3    Str: 22    XL:     4   Next: 50%
MP:   4/4           EV: 10    Int:  8    God:    Trog [**....]
Gold: 141           SH:  5    Dex:  8    Spells: 3/3 levels left

rFire    . . .     SeeInvis .   m - +3 morningstar (vamp)
rCold    . . .     Faith    .   (no shield)
rNeg     . . .     Spirit   .   b - +0 animal skin
rPois    .         Reflect  +   (helmet restricted)
rElec    .         Harm     .   (no cloak)
rCorr    .         Rampage  .   (gloves unavailable)
Will     .....                  (boots unavailable)
Stlth    ..........             l - amulet of reflection
HPRegen  0.21/turn              (no ring)
MPRegen  0.09/turn              (no ring)

@: berserking, lethally poisoned (-3 -> -34), drained, very quick
A: large, unfitting armour, tough skin 1
a: Renounce Religion, Berserk, Trog's Hand


You were on level 3 of the Dungeon.
You worshipped Trog.
Trog was pleased with you.
You visited 1 branch of the dungeon, and saw 3 of its levels.

You collected 141 gold pieces.

Inventory:

Hand Weapons
 m - a +3 vampiric morningstar (weapon)
Armour
 b - a +0 animal skin (worn)
Jewellery
 l - an amulet of reflection (around neck)
Scrolls
 d - 2 scrolls of identify {unknown}
 e - 3 scrolls of blinking {unknown}
 f - 2 scrolls of amnesia {unknown}
 h - 3 scrolls of holy word {unknown}
 k - a scroll of magic mapping {unknown}
Potions
 c - 2 potions of brilliance {unknown}
 g - a potion of heal wounds {unknown}
 i - a potion of resistance {unknown}
 j - a potion of curing {unknown}


   Skills:
 * Level 5.2 Fighting
 * Level 3.4 Maces & Flails
 * Level 1.1 Armour
 * Level 2.9 Dodging


You had 3 spell levels left.
You didn't know any spells.
Your spell library was empty.

Dungeon Overview and Level Annotations

Branches:
Dungeon (3/15)

Altars:
Hepliaklqana
Xom
Zin

Annotations:
D:3 1 transporter


Innate Abilities, Weirdness & Mutations

You are too large for most types of armour.
You have tough skin. (AC +1)


Message History

The water moccasin poisons you! The iguana barely misses you.
You block the necrophage's attack. The water moccasin barely misses you.
You closely miss the necrophage.
You feel very sick. You block the adder's attack.
The scorpion zombie barely misses you. You block the iguana's attack.
The necrophage hits you.
You feel drained. You block the water moccasin's attack.
You barely miss the necrophage.
You feel sick. The adder bites you. The scorpion zombie hits you.
The iguana bites you but does no damage.
The water moccasin bites you!
You are more poisoned.
The water moccasin poisons you! You block the necrophage's attack.
Unknown command.
You hit the water moccasin.
The water moccasin is lightly wounded.
You feel very sick. The adder bites you.
You are more poisoned.
The adder poisons you! The water moccasin misses you.
The scorpion zombie hits you. You block the iguana's attack.
You barely miss the water moccasin.
The water moccasin is lightly wounded.
* * * LOW HITPOINT WARNING * * *
You feel very sick. The adder bites you but does no damage.
The necrophage barely misses you. The water moccasin barely misses you.
The scorpion zombie hits you.
* * * LOW HITPOINT WARNING * * *
The iguana bites you!
* * * LOW HITPOINT WARNING * * *
Unknown command.
You miss the water moccasin.
The water moccasin is lightly wounded.
* * * LOW HITPOINT WARNING * * *
You feel very sick. The adder bites you but does no damage.
The water moccasin bites you.
* * * LOW HITPOINT WARNING * * *
You are more poisoned.
The water moccasin poisons you! The necrophage hits you.
You die...

#.........
..#########..#......... . ##
$._.$ ##........### ..
..([$$!..#.#####...## #.#
.#...#. #.#####.#.##
#.#.#.....#.#.#.........
##.#........©#.#.###.#.##
....#.#.SSl.#.#.. ....<..
#.....#..#.@.#..#.......#..#
#.....#....nZ...#.......#..#
#.....##8.....8##...... #...
#......#########....### #.#.
#..........©....... ##.#.#.
'............#..... ......
#...........##..... #.#.##
#...........# ..... # #.....
########'#'### . #.#...##


You could see a water moccasin, a necrophage, an iguana, an adder and a scorpion
zombie.

Vanquished Creatures
  2 adders
  2 worms
  A dart slug (D:1)
  2 orcs (D:3)
  3 bats
  5 endoplasms
  8 goblins
  5 hobgoblins
  4 jackals (D:2)
  7 kobolds
  3 quokkas
  5 ball pythons
  4 frilled lizards
  3 rats
54 creatures vanquished.

Notes
Turn   | Place    | Note
-------+----------+-------------------------------------------
     0 | D:1      | lordive the Ogre Berserker began the quest for the Orb.
     0 | D:1      | Reached XP level 1. HP: 24/24 MP: 1/1
   439 | D:1      | Reached XP level 2. HP: 24/33 MP: 2/2
   978 | D:1      | Found a shimmering altar of Xom.
  1276 | D:1      | Reached XP level 3. HP: 41/41 MP: 3/3
  1420 | D:2      | Reached skill level 1 in Armour
  1440 | D:2      | You fall into a shaft and drop 1 floor!
  1441 | D:3      | Found a faded altar of an unknown god.
  1804 | D:2      | Found a shimmering altar of Xom.
  2069 | D:2      | Reached skill level 5 in Fighting
  2264 | D:2      | Reached ** piety under Trog
  2274 | D:2      | Reached XP level 4. HP: 48/50 MP: 4/4
  2734 | D:3      | Found a hazy altar of Hepliaklqana.
  3140 | D:3      | Found a transporter.
  3143 | D:3      | Noticed a necrophage
  3145 | D:3      | Found a transporter.
  3148 | D:3      | Noticed a water moccasin
  3148 | D:3      | Found a glowing silver altar of Zin.
  3156 | D:3      | HP: 3/70 [water moccasin (5)]
  3156 | D:3      | Slain by a necrophage

Illustrated notes

Levels and vault maps discovered:
D:1:      dpeg_arrival_lava_altar, layout_basic, st_stairs_14,
          serial_bayou_pond_a
D:2:      layout_loops_ring, basic_altar
D:3:      layout_basic, gammafunk_temple_overflow_arena,
          nicolae_hepliaklqana_hazy_memory, serial_shops,
          nicolae_shop_statue_plus, hellmonk_ecumenical_altar_inner_sanctum,
          uniq_crazy_yiuf_cottage

Skill      XL: |  1  2  3 |
---------------+----------+-----
Maces & Flails | 3 |  3.4
Armour         | 1 |  1.1
Fighting       | 5 |  5.2
Dodging        | |  2.9

Action                   |  1- 3 |  4- 6 || total
-------------------------+-------+-------++-------
Melee: Mace              |   132 |    32 ||   164
       Morningstar       |       |    13 ||    13
Invok: Berserk           |       |     2 ||     2
 Stab: Sleeping          |     1 |       ||     1
Armor: Animal skin       |    37 |    10 ||    47
Dodge: Dodged            |    81 |    18 ||    99
Block: Other             |       |    19 ||    19
       Reflection        |       |     3 ||     3
